[Event "Djerba Festival Blitz 2025"]
[Site "Djerba"]
[Date "2025.02.21"]
[Round "2.2"]
[White "Messala, Noureddine"]
[Black "Moussard, Jules"]
[Result "0-1"]
[ECO "E94"]
[WhiteElo "2069"]
[BlackElo "2595"]
[PlyCount "76"]
[EventDate "2025.02.15"]
[EventType "swiss"]
[EventCountry "TUN"]
[TimeControl "180+3"]

1. d4 Nf6 2. Nf3 g6 3. c4 Bg7 4. Nc3 O-O 5. e4 d6 6. Be2 Na6 7. O-O e5 8. dxe5 dxe5 9. Qxd8 Rxd8 10. Bg5 h6 11. Bxf6 Bxf6 12. Nd5 Bg7 13. Rfd1 Be6 14. Ne1 c6 15. Ne3 h5 16. f3 Bh6 17. Kf2 Kg7 18. b3 f5 19. Rxd8 Rxd8 20. Rd1 Rxd1 21. Bxd1 Kf6 22. Nd3 f4 23. Nc2 Bf8 24. a3 g5 25. g3 fxg3+ 26. hxg3 h4 27. gxh4 gxh4 28. Ncb4 Nc5 29. Nxc5 Bxc5+ 30. Kg2 Bxb4 31. axb4 Kg5 32. Be2 Kf4 33. Kf2 b6 34. Bf1 c5 35. b5 h3 36. Be2 h2 37. Kg2 Ke3 38. Bf1 Bh3+ 0-1

[Event "Djerba Festival Blitz 2025"]
[Site "Djerba"]
[Date "2025.02.21"]
[Round "2.3"]
[White "Dardha, Daniel"]
[Black "Doucet, Pierre-Alois"]
[Result "1-0"]
[ECO "A00"]
[WhiteElo "2652"]
[BlackElo "2027"]
[PlyCount "53"]
[EventDate "2025.02.15"]
[EventType "swiss"]
[EventCountry "TUN"]
[TimeControl "180+3"]

1. h4 h6 2. e4 c6 3. d4 d5 4. Nc3 dxe4 5. Nxe4 Bf5 6. Ng3 Bh7 7. Nf3 Nf6 8. Bd3 e6 9. Bxh7 Nxh7 10. Be3 Bd6 11. Qd3 Nf6 12. O-O-O Qa5 13. Kb1 Na6 14. a3 b5 15. Ne4 Nxe4 16. Qxe4 O-O 17. Ng5 g6 18. h5 Bxa3 19. hxg6 Bxb2 20. Kxb2 Qb4+ 21. Kc1 hxg5 22. g7 Kxg7 23. Qh7+ Kf6 24. Bxg5+ Kxg5 25. Qg7+ Kf4 26. Qf6+ Ke4 27. Qe5# {[%emt 0:01:53] Kd5} 1-0

[Event "Djerba Festival Blitz 2025"]
[Site "Djerba"]
[Date "2025.02.21"]
[Round "2.4"]
[White "Ajbara Jamal"]
[Black "Edouard, Romain"]
[Result "0-1"]
[ECO "E61"]
[WhiteElo "1898"]
[BlackElo "2544"]
[PlyCount "74"]
[EventDate "2025.02.15"]
[EventType "swiss"]
[EventCountry "TUN"]
[TimeControl "180+3"]

1. d4 Nf6 2. Nf3 b6 3. c4 Bb7 4. Nc3 g6 5. Bg5 Bg7 6. e3 O-O 7. Be2 d6 8. O-O Nbd7 9. h3 e5 10. d5 h6 11. Bh4 Qe8 12. e4 Nh5 13. Nb5 Qc8 14. Ne1 Nf4 15. Bg4 f5 16. exf5 gxf5 17. Bh5 a6 18. Nc3 Nf6 19. Bxf6 Bxf6 20. Nd3 Nxh5 21. Qxh5 Kh7 22. Nd1 Bg7 23. Kh2 b5 24. b3 bxc4 25. bxc4 c6 26. dxc6 Qxc6 27. Ne3 f4 28. Nd5 Qxc4 29. N5b4 e4 30. Rac1 Qf7 31. Qxf7 Rxf7 32. Ne1 d5 33. Rc5 Bf8 34. Rxd5 Bxb4 35. Rd4 a5 36. Nc2 Bc5 37. Rc4 Ba6 0-1

[Event "Djerba Festival Blitz 2025"]
[Site "Djerba"]
[Date "2025.02.21"]
[Round "2.5"]
[White "Kobalia, Mikhail"]
[Black "Msalmi, Hamed"]
[Result "1-0"]
[ECO "B13"]
[WhiteElo "2538"]
[BlackElo "1747"]
[PlyCount "81"]
[EventDate "2025.02.15"]
[EventType "swiss"]
[EventCountry "TUN"]
[TimeControl "180+3"]

1. e4 c6 2. d4 d5 3. exd5 cxd5 4. Bd3 Nf6 5. c3 g6 6. Nf3 Bg4 7. Nbd2 Nc6 8. h3 Bxf3 9. Nxf3 Bg7 10. O-O O-O 11. Bf4 a6 12. a4 Ne4 13. Ng5 Nxg5 14. Bxg5 Qc7 15. Re1 Rfe8 16. Bc2 Rac8 17. Qd3 Nxd4 18. Bd1 Ne6 19. Be3 Qc4 20. Qd2 Red8 21. Bg4 Rc6 22. a5 Nc7 23. Bb6 e6 24. Qg5 Re8 25. Be2 Qe4 26. Bxa6 Qxe1+ 27. Rxe1 Nxa6 28. Qd2 Rec8 29. Qd3 Nc5 30. Qb5 Ne4 31. Ra1 Nd6 32. Qe2 Nc4 33. Bd4 e5 34. Be3 f6 35. Bc1 Nd6 36. Qd3 Rc5 37. Be3 d4 38. cxd4 e4 39. Qb3+ Rc4 40. Bf4 Bf8 41. a6 1-0

[Event "Djerba Festival Blitz 2025"]
[Site "Djerba"]
[Date "2025.02.21"]
[Round "2.6"]
[White "MEZGOURI NOUREDDINE"]
[Black "Maurizzi, Marc`Andria"]
[Result "0-1"]
[ECO "A01"]
[WhiteElo "1891"]
[BlackElo "2581"]
[PlyCount "65"]
[EventDate "2025.02.15"]
[EventType "swiss"]
[EventCountry "TUN"]
[TimeControl "180+3"]

1. b3 e5 2. Bb2 Nc6 3. g3 d5 4. Bg2 Nf6 5. h3 Bc5 6. e3 a5 7. Ne2 Bb6 8. d4 e4 9. Nd2 Ne7 10. c4 c6 11. Ba3 O-O 12. O-O Re8 13. Rc1 Ng6 14. Nc3 Be6 15. Na4 Ba7 16. cxd5 cxd5 17. Nc5 Bxc5 18. Bxc5 Qd7 19. Kh2 h6 20. Nb1 Nh7 21. Nc3 Ng5 22. Na4 Bxh3 23. Rh1 Bg4 24. Qc2 Nf3+ 25. Bxf3 Bxf3 26. Kg1 Bxh1 27. Kxh1 Rac8 28. Qe2 Rc6 29. Kg2 Qf5 30. Rh1 Rf6 31. Rh5 Qe6 32. Nb6 Rd8 33. Rh2 0-1

[Event "Djerba Festival Blitz 2025"]
[Site "Djerba"]
[Date "2025.02.21"]
[Round "2.7"]
[White "Oro, Faustino"]
[Black "Zouaghi, Ahmed"]
[Result "1-0"]
[ECO "A57"]
[WhiteElo "2447"]
[BlackElo "1919"]
[PlyCount "127"]
[EventDate "2025.02.15"]
[EventType "swiss"]
[EventCountry "TUN"]
[TimeControl "180+3"]

1. d4 Nf6 2. c4 c5 3. d5 b5 4. cxb5 a6 5. b6 Qxb6 6. Nc3 d6 7. e4 g6 8. Nf3 Bg7 9. h3 O-O 10. Be2 Nbd7 11. O-O Qc7 12. Nd2 Rb8 13. Qc2 Nb6 14. b3 e6 15. dxe6 Bxe6 16. Bb2 c4 17. b4 d5 18. exd5 Nbxd5 19. Nxd5 Nxd5 20. Bxg7 Kxg7 21. a3 c3 22. Nb3 Bf5 23. Bd3 Bxd3 24. Qxd3 Rfd8 25. Qxa6 Qf4 26. Nc5 c2 27. Qd3 Rbc8 28. Qxc2 Qe5 29. Rfe1 Qg5 30. Qe4 Nf4 31. Qe5+ Qxe5 32. Rxe5 f6 33. Re7+ Kh6 34. g3 Nd5 35. Rb7 Ra8 36. a4 Rdc8 37. Nd7 Rc4 38. a5 Rxb4 39. Rxb4 Nxb4 40. Nxf6 Kg7 41. Ne4 Ra6 42. Nc5 Ra7 43. Ra4 Na6 44. Nxa6 Rxa6 45. Kg2 Kf6 46. Kf3 h6 47. Ke4 Ke6 48. Kd4 Kd6 49. Kc4 Kc6 50. Ra1 g5 51. Kb4 h5 52. Re1 Kd5 53. f4 gxf4 54. gxf4 Ra8 55. Re5+ Kd6 56. Rxh5 Rb8+ 57. Rb5 Ra8 58. f5 Ke7 59. Rb6 Kf7 60. a6 Rc8 61. Kb5 Rc1 62. a7 Rb1+ 63. Kc6 Rc1+ 64. Kb7 1-0

[Event "Djerba Festival Blitz 2025"]
[Site "Djerba"]
[Date "2025.02.21"]
[Round "2.9"]
[White "Stopa, Jacek"]
[Black "Chelly, Yahya"]
[Result "1-0"]
[ECO "D35"]
[WhiteElo "2310"]
[BlackElo "2106"]
[PlyCount "136"]
[EventDate "2025.02.15"]
[EventType "swiss"]
[EventCountry "TUN"]
[TimeControl "180+3"]

1. d4 d5 2. c4 e6 3. Nc3 Nf6 4. cxd5 exd5 5. Bg5 Be7 6. e3 c6 7. Bd3 O-O 8. Nge2 h6 9. Bh4 Re8 10. O-O Nbd7 11. f3 c5 12. Bf2 cxd4 13. Nxd4 a6 14. Qd2 Ne5 15. Rad1 Bf8 16. Rfe1 b5 17. Bb1 Nc4 18. Qc2 Bb7 19. Nf5 Rc8 20. a3 a5 21. Qb3 b4 22. axb4 axb4 23. Ne2 g6 24. Nfd4 Qb6 25. Nf4 Bc5 26. Nd3 Nxe3 27. Nxc5 Nxd1 28. Rxd1 Qxc5 29. Nf5 Qf8 30. Bd4 Re6 31. Ng3 Kg7 32. Qd3 Rcc6 33. Nh5+ Kh8 34. Nxf6 Rxf6 35. Qe3 Kg7 36. Qf4 Qe7 37. Qg3 Rc4 38. Be5 d4 39. Qf4 Rcc6 40. Qxd4 Rce6 41. Bxf6+ Qxf6 42. Qxb4 Rb6 43. Qc3 Qxc3 44. bxc3 Rc6 45. Be4 Rc7 46. Bxb7 Rxb7 47. Rd2 Rc7 48. Rc2 Kf6 49. Kf2 Ke5 50. Ke3 Rc4 51. g3 g5 52. Kd3 Rc7 53. Re2+ Kf5 54. c4 g4 55. f4 Rd7+ 56. Kc3 f6 57. Rd2 Rc7 58. Rd5+ Ke4 59. Rh5 Kf3 60. Rxh6 Rc6 61. Kd4 Rd6+ 62. Kc5 Rd2 63. Kb6 Rc2 64. c5 Kg2 65. c6 Rb2+ 66. Kc7 f5 67. Kd7 Rd2+ 68. Kc8 Rc2 1-0

[Event "Djerba Festival Blitz 2025"]
[Site "Djerba"]
[Date "2025.02.21"]
[Round "2.10"]
[White "Zenaidi, Sadok"]
[Black "Njili, Kamel"]
[Result "0-1"]
[ECO "B96"]
[WhiteElo "1872"]
[BlackElo "2406"]
[PlyCount "77"]
[EventDate "2025.02.15"]
[EventType "swiss"]
[EventCountry "TUN"]
[TimeControl "180+3"]

1. e4 c5 2. Nf3 d6 3. d4 cxd4 4. Nxd4 Nf6 5. Nc3 a6 6. Bg5 e6 7. f4 Qc7 8. Qd2 b5 9. Bd3 Nbd7 10. O-O-O b4 11. Nce2 Bb7 12. Ng3 Qb6 13. Nf3 Ng4 14. Rde1 h6 15. Bh4 e5 16. Nf5 g6 17. h3 gxf5 18. hxg4 fxg4 19. Nh2 h5 20. Bf2 Qc7 21. Nxg4 Bg7 22. f5 hxg4 23. Rxh8+ Bxh8 24. Qxb4 a5 25. Qd2 Nc5 26. Bh4 Rc8 27. Kb1 Nxd3 28. Qxd3 Qc4 29. Qd2 Bxe4 30. Qg5 Qxc2+ 31. Ka1 Kd7 32. Qe7+ Kc6 33. Bg5 f6 34. Rc1 fxg5 35. Rxc2+ Bxc2 36. Qxg5 e4 37. Qd2 Kd7 38. a3 Bb3 39. Qe2 0-1

[Event "Djerba Festival Blitz 2025"]
[Site "Djerba"]
[Date "2025.02.21"]
[Round "2.11"]
[White "Willems, Niels"]
[Black "Charfeddine, Khaled"]
[Result "1-0"]
[ECO "A11"]
[WhiteElo "2414"]
[BlackElo "1908"]
[PlyCount "78"]
[EventDate "2025.02.15"]
[EventType "swiss"]
[EventCountry "TUN"]
[TimeControl "180+3"]

1. c4 Nf6 2. Nc3 e6 3. Nf3 c6 4. e3 d5 5. b3 g6 6. Bb2 Bg7 7. Qc2 Nbd7 8. Be2 a6 9. O-O O-O 10. d4 Re8 11. e4 dxe4 12. Nxe4 Nxe4 13. Qxe4 Nf6 14. Qc2 Qc7 15. Rad1 Nd7 16. Rfe1 e5 17. Bf1 f6 18. g3 Kh8 19. dxe5 Nxe5 20. Nxe5 fxe5 21. Bg2 Bf5 22. Be4 Bg4 23. Rd3 Rad8 24. Bf3 Bxf3 25. Rxf3 Rd7 26. Rfe3 Rde7 27. Re4 g5 28. Qe2 Qd7 29. Kg2 Qf5 30. g4 Qd7 31. Rd1 Qc8 32. Rd3 h6 33. Rde3 Qc7 34. h4 Bf6 35. hxg5 hxg5 36. Rf3 Bg7 37. Rf5 Rf7 38. Bxe5 Bxe5 39. Rexe5 Ref8 1-0

[Event "Djerba Festival Blitz 2025"]
[Site "Djerba"]
[Date "2025.02.21"]
[Round "2.12"]
[White "Viers, Emmanuel"]
[Black "Marceil, Jean"]
[Result "1-0"]
[ECO "D00"]
[WhiteElo "2072"]
[BlackElo "1901"]
[PlyCount "49"]
[EventDate "2025.02.15"]
[EventType "swiss"]
[EventCountry "TUN"]
[TimeControl "180+3"]

1. d4 d5 2. Nc3 Bf5 3. Nf3 Nf6 4. Ne5 e6 5. e3 Bd6 6. g4 Bg6 7. h4 h6 8. Nxg6 fxg6 9. Bd3 Nc6 10. Bxg6+ Kd7 11. Qe2 a6 12. Bd2 Ne7 13. Bd3 c6 14. e4 Bb4 15. e5 Ne8 16. f4 g6 17. O-O-O Qa5 18. Nb1 Bxd2+ 19. Qxd2 Qxa2 20. Qb4 Rb8 21. Nc3 a5 22. Qxe7+ Kxe7 23. Nxa2 b5 24. Bxg6 Nc7 25. f5 1-0

[Event "Djerba Festival Blitz 2025"]
[Site "Djerba"]
[Date "2025.02.21"]
[Round "2.13"]
[White "Bensadi, Lotfi"]
[Black "Boudriga, Mohamed Ali"]
[Result "1/2-1/2"]
[ECO "B28"]
[WhiteElo "1971"]
[BlackElo "2323"]
[PlyCount "64"]
[EventDate "2025.02.15"]
[EventType "swiss"]
[EventCountry "TUN"]
[TimeControl "180+3"]

1. e4 c5 2. Nf3 a6 3. d4 cxd4 4. Nxd4 Nf6 5. Nc3 e5 6. Nb3 Bb4 7. Bd3 d5 8. exd5 Nxd5 9. Bd2 Nxc3 10. Bxc3 Bxc3+ 11. bxc3 O-O 12. O-O Qc7 13. c4 Be6 14. Qe2 Nd7 15. Rfe1 Rfe8 16. Nd2 Rac8 17. Rab1 f5 18. f3 g6 19. Rb2 Bf7 20. Reb1 Nc5 21. Qf2 Rcd8 22. Rb6 Re7 23. Bf1 Red7 24. Nb3 Na4 25. Rb4 Nc3 26. Re1 a5 27. Rb6 a4 28. Na5 Nd1 29. Rxb7 Qxa5 30. Qe2 Rxb7 31. g3 Qc5+ 32. Kh1 Nc3 1/2-1/2

[Event "Djerba Festival Blitz 2025"]
[Site "Djerba"]
[Date "2025.02.21"]
[Round "2.14"]
[White "Amdouni, Zoubaier"]
[Black "El Kadi, Ismael"]
[Result "1-0"]
[ECO "B86"]
[WhiteElo "2229"]
[BlackElo "1852"]
[PlyCount "42"]
[EventDate "2025.02.15"]
[EventType "swiss"]
[EventCountry "TUN"]
[TimeControl "180+3"]

1. e4 c5 2. Nf3 d6 3. d4 cxd4 4. Nxd4 Nf6 5. Nc3 a6 6. Bc4 e6 7. Bb3 Be7 8. Be3 Nbd7 9. Bxe6 O-O 10. Bb3 b5 11. Nc6 Qe8 12. Qd4 Nc5 13. Bd5 Nxd5 14. Nxd5 Bd8 15. Nxd8 Qxd8 16. O-O-O Be6 17. Kb1 b4 18. e5 Bxd5 19. Qxd5 Qa5 20. exd6 Rac8 21. d7 Ra8 1-0

[Event "Djerba Festival Blitz 2025"]
[Site "Djerba"]
[Date "2025.02.21"]
[Round "2.16"]
[White "Pichon, Ewen"]
[Black "Tahir, Abderrahmane"]
[Result "1-0"]
[ECO "A01"]
[WhiteElo "2351"]
[BlackElo "1891"]
[PlyCount "61"]
[EventDate "2025.02.15"]
[EventType "swiss"]
[EventCountry "TUN"]
[TimeControl "180+3"]

1. b3 d6 2. Bb2 Nf6 3. g3 g6 4. Bxf6 exf6 5. c4 Bg7 6. Nc3 c6 7. Bg2 O-O 8. e3 f5 9. Rc1 Re8 10. Nge2 Nd7 11. d4 Nf6 12. Qc2 Ne4 13. O-O Bd7 14. Nxe4 fxe4 15. Bxe4 Qe7 16. Bg2 Bf5 17. Qd2 Rad8 18. Rfe1 d5 19. cxd5 cxd5 20. Nc3 Be4 21. Nxe4 dxe4 22. Rc4 f5 23. Rec1 Be5 24. Qa5 Bb8 25. Bf1 b6 26. Qb5 Qf7 27. Rc6 Rd5 28. Qxd5 Qxd5 29. Bc4 Qxc4 30. R1xc4 g5 31. Rc8 1-0

[Event "Djerba Festival Blitz 2025"]
[Site "Djerba"]
[Date "2025.02.21"]
[Round "2.17"]
[White "Mendili, Jahed"]
[Black "Filali, Razzouki Marouane"]
[Result "1/2-1/2"]
[ECO "B13"]
[WhiteElo "1771"]
[BlackElo "2234"]
[PlyCount "156"]
[EventDate "2025.02.15"]
[EventType "swiss"]
[EventCountry "TUN"]
[TimeControl "180+3"]

1. e4 c6 2. d4 d5 3. exd5 cxd5 4. Bd3 Nc6 5. c3 g6 6. Bf4 Bf5 7. Bxf5 gxf5 8. Nd2 Nf6 9. Ngf3 Ne4 10. Nxe4 fxe4 11. Ne5 Bg7 12. Qh5 Nxe5 13. Bxe5 Bxe5 14. Qxe5 Rg8 15. O-O-O Qd7 16. Rhg1 O-O-O 17. Rd2 Rg6 18. Rc2 Rc6 19. Rd1 h6 20. c4 dxc4 21. Qxe4 e6 22. Qe3 h5 23. Qe2 Qd5 24. f3 Kb8 25. Qe4 b5 26. Qf4+ Rc7 27. Qe4 Rcd7 28. Rcd2 a5 29. Kb1 Kb7 30. Qxd5+ Rxd5 31. g3 b4 32. a3 Kb6 33. f4 Kb5 34. Kc2 f6 35. h3 Rg8 36. Rg1 Ka4 37. axb4 axb4 38. g4 hxg4 39. hxg4 Kb5 40. Rdd1 Rd7 41. Rg2 Rdg7 42. Rdg1 Kc6 43. Kd2 Kd5 44. Ke3 Rh8 45. Rg3 Rh2 46. R1g2 Rh1 47. Rg1 Rh2 48. R1g2 Rxg2 49. Rxg2 Rh7 50. g5 fxg5 51. Rxg5+ Kd6 52. Rc5 Rh3+ 53. Ke4 c3 54. bxc3 bxc3 55. f5 exf5+ 56. Rxf5 c2 57. Rc5 Rh2 58. Kd3 Rg2 59. Rxc2 Rg3+ 60. Kc4 Ra3 61. Rb2 Ra4+ 62. Kd3 Kc6 63. Ke4 Ra1 64. Re2 Kd6 65. Rb2 Rh1 66. Rb6+ Kc7 67. Rg6 Rh5 68. d5 Kd7 69. Kd4 Kc7 70. Kc5 Kd8 71. Rg7 Rh6 72. d6 Rh1 73. Kc6 Rc1+ 74. Kb6 Rc2 75. Rc7 Rb2+ 76. Kc6 Rc2+ 77. Kb6 Rb2+ 78. Kc6 Rh2 1/2-1/2

[Event "Djerba Festival Blitz 2025"]
[Site "Djerba"]
[Date "2025.02.21"]
[Round "2.19"]
[White "Rene, Benoit"]
[Black "Skhiri Youssef"]
[Result "0-1"]
[ECO "A01"]
[WhiteElo "2108"]
[BlackElo "1808"]
[PlyCount "44"]
[EventDate "2025.02.15"]
[EventType "swiss"]
[EventCountry "TUN"]
[TimeControl "180+3"]

1. b3 d5 2. Bb2 Nc6 3. e3 e5 4. Bb5 Bd6 5. f4 f6 6. Nh3 Bxh3 7. Qh5+ g6 8. Qxh3 exf4 9. O-O Qd7 10. Qxd7+ Kxd7 11. exf4 Re8 12. Nc3 a6 13. Bxc6+ Kxc6 14. g3 d4 15. Nd1 Bc5 16. d3 Re2 17. Rf2 Re1+ 18. Rf1 Re2 19. Rf2 Re1+ 20. Kg2 Nh6 21. Rf1 Rhe8 22. Rxe1 Rxe1 0-1

[Event "Djerba Festival Blitz 2025"]
[Site "Djerba"]
[Date "2025.02.21"]
[Round "2.20"]
[White "Mendil, Yacine"]
[Black "Boulrens, Ala Eddine"]
[Result "0-1"]
[ECO "A07"]
[WhiteElo "1699"]
[BlackElo "2121"]
[PlyCount "64"]
[EventDate "2025.02.15"]
[EventType "swiss"]
[EventCountry "TUN"]
[TimeControl "180+3"]

1. Nf3 d5 2. g3 Nf6 3. Bg2 c5 4. b3 Nc6 5. Bb2 Bf5 6. O-O e6 7. d3 Be7 8. Nbd2 O-O 9. e3 a5 10. c4 a4 11. d4 a3 12. Bc3 Ne4 13. Nxe4 Bxe4 14. Qd2 Qc7 15. Rac1 Rfd8 16. dxc5 dxc4 17. Qe2 Bd3 18. Qe1 cxb3 19. axb3 Bxf1 20. Bxf1 a2 21. b4 Bf6 22. Bxf6 gxf6 23. Ra1 Ne5 24. Nh4 Ng6 25. Nf3 Qd7 26. Nd4 e5 27. Nb5 Qd2 28. Qxd2 Rxd2 29. Nd6 Rb2 30. Bd3 Rxb4 31. Bxg6 hxg6 32. Kg2 Rb1 0-1

[Event "Djerba Festival Blitz 2025"]
[Site "Djerba"]
[Date "2025.02.21"]
[Round "2.22"]
[White "Saidi, Bouziane"]
[Black "Kakavand, Ramtin"]
[Result "0-1"]
[ECO "C55"]
[WhiteElo "1710"]
[BlackElo "2106"]
[PlyCount "80"]
[EventDate "2025.02.15"]
[EventType "swiss"]
[EventCountry "TUN"]
[TimeControl "180+3"]

1. e4 e5 2. Nf3 Nc6 3. Nc3 Nf6 4. Bc4 Nxe4 5. Bxf7+ Kxf7 6. Nxe4 d5 7. Nc3 e4 8. Ng1 Qg5 9. g3 Bg4 10. d4 Qf5 11. Nge2 Bf3 12. Rg1 Bb4 13. Be3 Bxc3+ 14. bxc3 Na5 15. g4 Bxg4 16. Rxg4 Qxg4 17. Ng3 Qxd1+ 18. Rxd1 g6 19. Rb1 b6 20. Ne2 Nc4 21. Nf4 c6 22. Ke2 g5 23. Ng2 Rhg8 24. f4 exf3+ 25. Kxf3 Kg6 26. Ke2 Rae8 27. Rf1 Rgf8 28. Rd1 Re4 29. Rd3 Rg4 30. Ne1 Re4 31. Ng2 h5 32. h3 g4 33. hxg4 hxg4 34. Nh4+ Kh5 35. Ng2 g3 36. Kd1 Nxe3+ 37. Nxe3 Rf3 38. Ke2 Rfxe3+ 39. Rxe3 Rxe3+ 40. Kxe3 Kg4 0-1

[Event "Djerba Festival Blitz 2025"]
[Site "Djerba"]
[Date "2025.02.21"]
[Round "2.23"]
[White "Rekik Ismail"]
[Black "Minde, Baptiste"]
[Result "0-1"]
[ECO "A38"]
[WhiteElo "2006"]
[BlackElo "1896"]
[PlyCount "120"]
[EventDate "2025.02.15"]
[EventType "swiss"]
[EventCountry "TUN"]
[TimeControl "180+3"]

1. c4 c5 2. Nc3 Nc6 3. g3 g6 4. Bg2 d6 5. Nf3 Bg7 6. O-O Nf6 7. Rb1 Nd7 8. a3 a5 9. d3 Nf8 10. Ne1 e5 11. Bd2 Ne6 12. Nc2 O-O 13. b4 axb4 14. axb4 Ned4 15. bxc5 dxc5 16. e3 Bg4 17. f3 Nxc2 18. Qxc2 Bf5 19. Nd5 Ra3 20. Bc3 Na5 21. e4 Be6 22. Qb2 Rb3 23. Bxa5 Rxb2 24. Bxd8 Rxb1 25. Rxb1 Rxd8 26. Rxb7 Ra8 27. Rb2 Bh6 28. Kf2 Ra3 29. Bf1 Bc1 30. Rb1 Ra2+ 31. Be2 Bb2 32. f4 Bd4+ 33. Ke1 exf4 34. gxf4 Kg7 35. e5 h5 36. h4 Bf5 37. Ne7 Bh3 38. Nc6 Bc3+ 39. Kd1 Rd2+ 40. Kc1 Rxe2 41. Rb7 Bg2 42. Nd8 Bxb7 43. Nxb7 Bd4 44. Nd6 Rf2 45. Ne8+ Kf8 46. Nf6 Rxf4 47. Nd5 Rf1+ 48. Kc2 Bxe5 49. Kb3 Rh1 50. Ka4 Rxh4 51. Kb5 Bd4 52. Nb6 Rh3 53. Nd7+ Ke7 54. Kc6 Rxd3 55. Nb6 h4 56. Nd5+ Ke6 57. Nf4+ Kf5 58. Nxd3 h3 59. Nc1 h2 60. Ne2 h1=Q+ {[%emt 0:00:00] Ng3+} 0-1

[Event "Djerba Festival Blitz 2025"]
[Site "Djerba"]
[Date "2025.02.21"]
[Round "2.24"]
[White "Hafsa, Yessine"]
[Black "Gemelli, Romain"]
[Result "1-0"]
[ECO "C78"]
[WhiteElo "1503"]
[BlackElo "2203"]
[PlyCount "88"]
[EventDate "2025.02.15"]
[EventType "swiss"]
[EventCountry "TUN"]
[TimeControl "180+3"]

1. e4 e5 2. Nf3 Nc6 3. Bb5 a6 4. Ba4 Nf6 5. O-O b5 6. Bb3 Bc5 7. a4 Rb8 8. Nxe5 Nxe5 9. d4 Bxd4 10. Qxd4 d6 11. f4 Nc6 12. Qc3 Ne7 13. e5 Ne4 14. Qf3 Bb7 15. Qg4 g6 16. Be3 Nf5 17. Bf2 c5 18. c3 c4 19. Bc2 Nxf2 20. Rxf2 Ne3 21. Qe2 Nxc2 22. exd6+ Kf8 23. Qxc2 Qxd6 24. Nd2 Kg7 25. Rd1 Rbd8 26. Rff1 Qc6 27. Nf3 f6 28. Nd4 Qb6 29. Kh1 Rhe8 30. f5 Be4 31. Qc1 Bd3 32. Rf4 Rd5 33. Ne6+ Rxe6 34. fxe6 Qxe6 35. Re1 Re5 36. Rxe5 fxe5 37. Rf2 Qg4 38. h3 Qh4 39. Qe3 e4 40. Qd4+ Kh6 41. Qb6 Qg5 42. Kg1 e3 43. Rf3 e2 44. Re3 Qd8 1-0

[Event "Djerba Festival Blitz 2025"]
[Site "Djerba"]
[Date "2025.02.21"]
[Round "2.25"]
[White "Nassr, Lina"]
[Black "Kammoun, Adam"]
[Result "1-0"]
[ECO "D05"]
[WhiteElo "1934"]
[BlackElo "1571"]
[PlyCount "69"]
[EventDate "2025.02.15"]
[EventType "swiss"]
[EventCountry "TUN"]
[TimeControl "180+3"]

1. d4 d5 2. Nf3 Nf6 3. e3 e6 4. Bd3 c5 5. b3 cxd4 6. exd4 Nc6 7. Bb2 Bd7 8. O-O Qc7 9. a3 Be7 10. Nbd2 h5 11. Ne5 Nxe5 12. dxe5 Ng4 13. Nf3 Rc8 14. h3 Nh6 15. c4 f5 16. cxd5 exd5 17. Rc1 Qb8 18. Nd4 g6 19. e6 Bc6 20. Nxc6 bxc6 21. Bxh8 Bxa3 22. Ra1 Bd6 23. Bd4 Qb4 24. Ra4 Qb8 25. Bxa7 Qb7 26. Be3 Bb8 27. Bxh6 Qc7 28. f4 Ba7+ 29. Kh1 Qd6 30. Bg5 Bc5 31. Qe2 Bd4 32. Rxd4 c5 33. Ra4 d4 34. Bb5+ Kf8 35. e7+ 1-0

[Event "Djerba Festival Blitz 2025"]
[Site "Djerba"]
[Date "2025.02.21"]
[Round "2.29"]
[White "Azreug, Lazhar"]
[Black "Boudnani, Brahim"]
[Result "1-0"]
[ECO "B07"]
[WhiteElo "1793"]
[BlackElo "1721"]
[PlyCount "59"]
[EventDate "2025.02.15"]
[EventType "swiss"]
[EventCountry "TUN"]
[TimeControl "180+3"]

1. e4 d6 2. d4 Nf6 3. Nc3 Nbd7 4. Nf3 c6 5. Bf4 Qc7 6. Bd3 e5 7. dxe5 dxe5 8. Bg5 Be7 9. Qd2 h6 10. Bh4 g5 11. Bg3 b5 12. Ne2 Bb7 13. Qc3 Bd6 14. O-O-O O-O-O 15. Kb1 g4 16. Nh4 Nh5 17. Nf5 Nf4 18. Nxd6+ Qxd6 19. Bxb5 Nxe2 20. Bxe2 f6 21. Rxd6 Nb6 22. Rhd1 Rde8 23. Rxc6+ Bxc6 24. Qxc6+ Kb8 25. Ba6 Re7 26. Qxf6 Rhe8 27. Qd6+ Ka8 28. Qc6+ Kb8 29. Bxe5+ Rxe5 30. Qb7# {[%emt 0:00:00] Rh8} 1-0

[Event "Djerba Festival Blitz 2025"]
[Site "Djerba"]
[Date "2025.02.21"]
[Round "2.31"]
[White "Bensaid, Brahim"]
[Black "Ben Mbarek, Mohamed"]
[Result "0-1"]
[ECO "B34"]
[WhiteElo "1743"]
[BlackElo "1570"]
[PlyCount "45"]
[EventDate "2025.02.15"]
[EventType "swiss"]
[EventCountry "TUN"]
[TimeControl "180+3"]

1. e4 c5 2. Nf3 g6 3. d4 cxd4 4. Nxd4 Bg7 5. Nc3 Nc6 6. Nxc6 bxc6 7. Be2 Nf6 8. O-O e5 9. Bg5 O-O 10. Qd2 Qb6 11. Rab1 Ba6 12. Bxa6 Qxa6 13. Bxf6 Bxf6 14. Qxd7 Rad8 15. Qc7 Rd2 16. b4 Rxc2 17. b5 cxb5 18. Rxb5 Rxc3 19. Qxc3 Qxb5 20. Qc2 Rd8 21. Rb1 Qd3 22. Qxd3 Rxd3 23. Ra1 0-1

[Event "Djerba Festival Blitz 2025"]
[Site "Djerba"]
[Date "2025.02.21"]
[Round "2.32"]
[White "Fengal, Zineddine"]
[Black "Chaouech, Oussama"]
[Result "0-1"]
[ECO "D02"]
[WhiteElo "1439"]
[BlackElo "1651"]
[PlyCount "64"]
[EventDate "2025.02.15"]
[EventType "swiss"]
[EventCountry "TUN"]
[TimeControl "180+3"]

1. d4 d5 2. Nf3 Nf6 3. Bf4 e6 4. e3 Bd6 5. Bg3 Bxg3 6. hxg3 c5 7. c3 cxd4 8. exd4 Nc6 9. Bd3 h6 10. Nbd2 Bd7 11. Ne5 Qc7 12. Ndf3 Ne4 13. Qc2 Nxe5 14. Nxe5 Nf6 15. f4 Bc6 16. O-O h5 17. a4 h4 18. gxh4 Rxh4 19. Qf2 Rh6 20. b4 O-O-O 21. b5 Rdh8 22. Qb2 Qxe5 23. fxe5 Ng4 24. g3 Rh1+ 25. Kg2 R1h2+ 26. Kf3 Rg2 27. Qc2 Rxc2 28. Kxg4 Rb2 29. Rxf7 Bd7 30. Rxg7 Rb3 31. Bg6 Rxc3 32. Rd1 Rc4 0-1

[Event "Djerba Festival Blitz 2025"]
[Site "Djerba"]
[Date "2025.02.21"]
[Round "2.33"]
[White "Sazlik, Mucahit"]
[Black "Mekki, Walid"]
[Result "1-0"]
[ECO "D53"]
[WhiteElo "1672"]
[BlackElo "1578"]
[PlyCount "60"]
[EventDate "2025.02.15"]
[EventType "swiss"]
[EventCountry "TUN"]
[TimeControl "180+3"]

1. d4 d5 2. c4 dxc4 3. Nf3 Nf6 4. Nc3 e6 5. Bg5 Be7 6. e3 Nbd7 7. Bxc4 b6 8. O-O Bb7 9. Rc1 h6 10. Bh4 g5 11. Bg3 Bd6 12. Bxd6 cxd6 13. a3 g4 14. Nd2 h5 15. Bd3 h4 16. Nde4 d5 17. Nd6+ Ke7 18. Nxb7 Qb8 19. Ba6 g3 20. h3 Qg8 21. f3 Qg5 22. Qd3 e5 23. Nb5 e4 24. Qb3 Rac8 25. Qb4+ Nc5 26. dxc5 bxc5 27. Rxc5 Nd7 28. Rxd5+ Ke8 29. Rxg5 Nf6 30. N5d6+ Kf8 1-0

[Event "Djerba Festival Blitz 2025"]
[Site "Djerba"]
[Date "2025.02.21"]
[Round "2.34"]
[White "Chavallard, Yanis"]
[Black "Ferahi, Tarik"]
[Result "1-0"]
[ECO "A20"]
[WhiteElo "1605"]
[BlackElo "1612"]
[PlyCount "51"]
[EventDate "2025.02.15"]
[EventType "swiss"]
[EventCountry "TUN"]
[TimeControl "180+3"]

1. c4 e5 2. g3 Nf6 3. Bg2 c6 4. d4 exd4 5. Qxd4 Bb4+ 6. Nc3 Bxc3+ 7. Qxc3 h6 8. Nf3 O-O 9. O-O d5 10. Bf4 Ne4 11. Qc2 Bf5 12. Rad1 Nxg3 13. Qb3 Nxe2+ 14. Kh1 Nxf4 15. cxd5 Nxg2 16. dxc6 Qf6 17. cxb7 Nc6 18. bxa8=Q Rxa8 19. Kxg2 Qg6+ 20. Kh1 Be4 21. Rg1 Qf6 22. Rg3 Rb8 23. Qe3 Bxf3+ 24. Rxf3 Qxb2 25. Qf4 f6 26. Rc1 1-0